Lightning vs Canadiens

Created - January 8 2012 at 12:18

Goals
1 2 3 T
Lightning 1 0 2 3
Canadiens 1 0 1 2
Shots
1 2 3 T
Lightning 8 10 15 33
Canadiens 11 7 7 25

Period #1

1. Canadiens , Mason Raymond 4 (Marc-Edouard Vlasic, Bryan Little) at 7:27
2. Lightning , Martin Havlat 14 (Paul Stastny, Tim Gleason) at 12:30

Penalties :
Dominic Moore (MTL) for Tripping (Minor) at 5:06, Paul Stastny (TBL) for Roughing (Minor) at 9:37, Brent Seabrook (TBL) for Slashing (Minor) at 10:07, Scott Hartnell (TBL) for Slashing (Minor) at 14:00, Logan Couture (MTL) for Roughing (Double Minor) at 14:02

Period #2

No Goal

Penalties :
Paul Stastny (TBL) for Holding (Minor) at 8:42, Brandon Dubinsky (MTL) for Interference (Minor) at 11:35, David Perron (MTL) for High sticking (Minor) at 15:58

Period #3

3. Canadiens , David Perron 14 (Manny Malhotra, Ville Leino) at 10:06
4. Lightning , Martin Havlat 15 (Tomas Plekanec) at 16:37 (PP)
5. Lightning , Patrick Kane 23 (Andrej Meszaros, Scott Hartnell) at 19:08

Penalties :
Tom Poti (MTL) for Tripping (Minor) at 0:43, John Erskine (TBL) for Holding (Minor) at 2:56, David Perron (MTL) for Tripping (Minor) at 7:28, Dominic Moore (MTL) for Boarding (Major) at 12:31, Logan Couture (MTL) for Holding (Minor) at 19:40

Goalie Stats

Cory Schneider (TBL), 23 saves from 25 shots - (0.920), W, 18-8-3, 60:00 minutes
Anders Lindback (MTL), 30 saves from 33 shots - (0.909), L, 3-7-3, 59:38 minutes

Players Stats

Lightning
Player Name              G  A  P  +/- PIM S  H  SB FO    MP 
------------------------------------------------------------
Andrej Meszaros          0  1  1  -1  0   0  3  2  0/0   24 
Andy Sutton              0  0  0   0  0   1  4  0  0/0   16 
Barret Jackman           0  0  0   0  0   1  1  0  0/0   19 
Brent Seabrook           0  0  0   0  2   1  2  1  0/0   22 
Ilya Kovalchuk           0  0  0   1  0   5  0  0  1/2   19 
John Erskine             0  0  0  -1  2   0  1  3  0/0   19 
Marcel Goc               0  0  0  -2  0   0  0  0  4/8   6  
Martin Havlat            2  0  2   1  0   5  1  0  0/1   17 
Maxime Talbot            0  0  0  -2  0   0  0  0  0/1   8  
Nick Spaling             0  0  0  -2  0   0  1  0  0/0   8  
Patrick Kane             1  0  1   1  0   6  2  0  1/1   18 
Patrick Sharp            0  0  0   0  0   7  1  0  2/3   20 
Paul Stastny             0  1  1   2  4   2  1  0  12/28 19 
R.J. Umberger            0  0  0   0  0   0  1  0  5/15  13 
Scott Hartnell           0  1  1   1  2   3  3  0  2/2   15 
Teddy Purcell            0  0  0   0  0   0  0  0  0/0   11 
Tim Gleason              0  1  1   2  0   0  0  0  0/0   19 
Tomas Plekanec           0  1  1   0  0   2  2  0  15/28 19 
Canadiens
Player Name              G  A  P  +/- PIM S  H  SB FO    MP 
------------------------------------------------------------
Andy McDonald            0  0  0   0  0   4  0  0  15/21 18 
Brandon Dubinsky         0  0  0  -1  2   2  3  0  1/1   23 
Bryan Little             0  1  1   1  0   1  0  0  6/10  6  
David Perron             1  0  1   0  4   2  0  0  1/1   10 
Dominic Moore            0  0  0   1  7   0  0  0  0/1   6  
Dustin Byfuglien         0  0  0   0  0   4  1  0  0/1   20 
Henrik Tallinder         0  0  0  -1  0   0  0  1  0/0   22 
Jonathan Toews           0  0  0  -1  0   2  1  0  11/27 20 
Jordan Eberle            0  0  0  -1  0   1  0  0  0/0   15 
Logan Couture            0  0  0   0  6   2  1  0  0/0   11 
Manny Malhotra           0  1  1   0  0   1  0  0  13/26 19 
Marc-Edouard Vlasic      0  1  1   1  0   1  2  3  0/0   23 
Mason Raymond            1  0  1   1  0   2  0  0  0/1   6  
Nick Schultz             0  0  0   0  0   0  2  0  0/0   13 
P.K. Subban              0  0  0   0  0   1  0  1  0/0   19 
Rob Scuderi              0  0  0   0  0   0  0  4  0/0   19 
Tom Poti                 0  0  0   0  2   1  1  1  0/0   21 
Ville Leino              0  1  1   0  0   1  1  1  0/0   13 

3 Stars

1 - Martin Havlat (TBL)
2 - Patrick Kane (TBL)
3 - Mason Raymond (MTL)

Power Play

Lightning - 1 on 9 Attempt(s) - 11.11%
Canadiens - 0 on 5 Attempt(s) - 0.00%

Penalty Kill

Lightning - 5 on 5 Attempt(s) - 100.00% - Score 0 goal in Penalty Kill
Canadiens - 8 on 9 Attempt(s) - 88.89% - Score 0 goal in Penalty Kill

Game Notes

No Game Note

Finance

Level 1 -- Attendance: 4176 (64.25%) -- Ticket Income $417,600.00
Level 2 -- Attendance: 3328 (66.56%) -- Ticket Income $199,680.00
Level 3 -- Attendance: 2641 (75.46%) -- Ticket Income $92,435.00
Level 4 -- Attendance: 2564 (48.63%) -- Ticket Income $51,280.00
Luxury Box -- Attendance: 937 (93.70%) -- Ticket Income $163,975.00
Game was played at the Bell Centre
Total Attendance: 13646 (64.15%)
Total Ticket Income: $1,012,131.00
Other Income: $191,707.20
Total Income: $1,203,838.00


Play by Play

Period #1

0:01 of 1st period - Patrick Sharp wins face-off versus Jonathan Toews in neutral zone.
0:01 of 1st period - Patrick Kane is hit by Dustin Byfuglien and loses puck.
0:28 of 1st period - Shot by Tomas Plekanec.
0:28 of 1st period - Stopped by Anders Lindback with a rebound.
1:29 of 1st period - Shot by Andy McDonald.
1:29 of 1st period - Shot Misses the Net.
1:31 of 1st period - Shot by Jordan Eberle.
1:31 of 1st period - Stopped by Cory Schneider without a rebound.
1:32 of 1st period - Paul Stastny wins face-off versus Manny Malhotra in Lightning zone.
1:51 of 1st period - Shot by Ilya Kovalchuk.
1:51 of 1st period - Stopped by Anders Lindback without a rebound.
1:52 of 1st period - Bryan Little wins face-off versus R.J. Umberger in Canadiens zone.
2:11 of 1st period - Shot by Scott Hartnell.
2:11 of 1st period - Shot Blocked by Marc-Edouard Vlasic.
2:13 of 1st period - Shot by Barret Jackman.
2:13 of 1st period - Shot Blocked by Marc-Edouard Vlasic.
2:15 of 1st period - Shot by Andy Sutton.
2:15 of 1st period - Stopped by Anders Lindback without a rebound.
2:16 of 1st period - David Perron wins face-off versus Paul Stastny in Canadiens zone.
2:39 of 1st period - Rob Scuderi is hit by Martin Havlat and loses puck.
4:25 of 1st period - Logan Couture is hit by Andrej Meszaros and loses puck.
4:44 of 1st period - Shot by Dustin Byfuglien.
4:44 of 1st period - Shot Misses the Net.
4:49 of 1st period - Shot by Tom Poti.
4:49 of 1st period - Shot Blocked by Brent Seabrook.
5:06 of 1st period - Minor Penalty to Dominic Moore for Tripping.
5:07 of 1st period - Manny Malhotra wins face-off versus Paul Stastny in Canadiens zone.
5:17 of 1st period - Off-side.
5:18 of 1st period - Paul Stastny wins face-off versus Manny Malhotra in neutral zone.
5:37 of 1st period - Shot by Ilya Kovalchuk.
5:37 of 1st period - Shot Misses the Net.
5:39 of 1st period - Shot by John Erskine.
5:39 of 1st period - Shot Misses the Net.
5:41 of 1st period - Shot by Ilya Kovalchuk.
5:41 of 1st period - Shot Misses the Net.
5:43 of 1st period - Shot by Martin Havlat.
5:43 of 1st period - Shot Blocked by Henrik Tallinder.
5:45 of 1st period - Shot by Barret Jackman.
5:45 of 1st period - Stopped by Anders Lindback with a rebound.
5:49 of 1st period - Shot by Ilya Kovalchuk.
5:49 of 1st period - Shot Blocked by Rob Scuderi.
6:41 of 1st period - Shot by Paul Stastny.
6:41 of 1st period - Deflect By Patrick Kane.
6:41 of 1st period - Stopped by Anders Lindback without a rebound.
6:42 of 1st period - Patrick Kane wins face-off versus Andy McDonald in Canadiens zone.
6:47 of 1st period - Shot by Ilya Kovalchuk.
6:47 of 1st period - Shot Misses the Net.
7:27 of 1st period - Shot by Mason Raymond.
7:27 of 1st period - Goal by Mason Raymond - Lightning : 0 - Canadiens : 1.
7:28 of 1st period - R.J. Umberger wins face-off versus Manny Malhotra in neutral zone.
8:06 of 1st period - Icing by Barret Jackman.
8:07 of 1st period - Andy McDonald wins face-off versus R.J. Umberger in Lightning zone.
9:37 of 1st period - Minor Penalty to Paul Stastny for Roughing.
9:38 of 1st period - Andy McDonald wins face-off versus Tomas Plekanec in Lightning zone.
9:39 of 1st period - Shot by P.K. Subban.
9:39 of 1st period - Stopped by Cory Schneider without a rebound.
9:40 of 1st period - Andy McDonald wins face-off versus Tomas Plekanec in Lightning zone.
9:57 of 1st period - Patrick Sharp is hit by Brandon Dubinsky and loses puck.
10:07 of 1st period - Minor Penalty to Brent Seabrook for Slashing.
10:08 of 1st period - Jonathan Toews wins face-off versus R.J. Umberger in Lightning zone.
10:13 of 1st period - Shot by Jonathan Toews.
10:13 of 1st period - Stopped by Cory Schneider with a rebound.
10:19 of 1st period - Shot by Dustin Byfuglien.
10:19 of 1st period - Shot Misses the Net.
10:23 of 1st period - Shot by Logan Couture.
10:23 of 1st period - Stopped by Cory Schneider without a rebound.
10:24 of 1st period - R.J. Umberger wins face-off versus Andy McDonald in Lightning zone.
11:10 of 1st period - Shot by Dustin Byfuglien.
11:10 of 1st period - Stopped by Cory Schneider without a rebound.
11:11 of 1st period - Tomas Plekanec wins face-off versus Jonathan Toews in Lightning zone.
11:19 of 1st period - Icing by Logan Couture.
11:20 of 1st period - Jonathan Toews wins face-off versus Tomas Plekanec in Canadiens zone.
12:22 of 1st period - Shot by Ilya Kovalchuk.
12:22 of 1st period - Shot Misses the Net.
12:24 of 1st period - Shot by Martin Havlat.
12:24 of 1st period - Stopped by Anders Lindback with a rebound.
12:26 of 1st period - Shot by Tim Gleason.
12:26 of 1st period - Shot Blocked by Ville Leino.
12:28 of 1st period - Shot by Paul Stastny.
12:28 of 1st period - Shot Misses the Net.
12:30 of 1st period - Shot by Martin Havlat.
12:30 of 1st period - Goal by Martin Havlat - Lightning : 1 - Canadiens : 1.
12:31 of 1st period - Bryan Little wins face-off versus R.J. Umberger in neutral zone.
12:40 of 1st period - Shot by Bryan Little.
12:40 of 1st period - Stopped by Cory Schneider without a rebound.
12:41 of 1st period - Andy McDonald wins face-off versus Tomas Plekanec in Lightning zone.
14:00 of 1st period - Minor Penalty to Scott Hartnell for Slashing.
14:01 of 1st period - Tomas Plekanec wins face-off versus Jonathan Toews in Lightning zone.
14:01 of 1st period - Tomas Plekanec is hit by Logan Couture.
14:02 of 1st period - Double Minor Penalty to Logan Couture for Roughing.
14:03 of 1st period - Ilya Kovalchuk wins face-off versus Jonathan Toews in Canadiens zone.
14:18 of 1st period - Shot by Martin Havlat.
14:18 of 1st period - Shot Blocked by Tom Poti.
14:20 of 1st period - Shot by Andy Sutton.
14:20 of 1st period - Deflect By Martin Havlat.
14:20 of 1st period - Stopped by Anders Lindback without a rebound.
14:21 of 1st period - Andy McDonald wins face-off versus Paul Stastny in Canadiens zone.
14:30 of 1st period - Shot by Andy McDonald.
14:30 of 1st period - Stopped by Cory Schneider without a rebound.
14:31 of 1st period - Jonathan Toews wins face-off versus Patrick Sharp in Lightning zone.
15:02 of 1st period - Shot by Dustin Byfuglien.
15:02 of 1st period - Stopped by Cory Schneider with a rebound.
15:33 of 1st period - Off-side.
15:34 of 1st period - Paul Stastny wins face-off versus Andy McDonald in neutral zone.
15:48 of 1st period - Shot by Brandon Dubinsky.
15:48 of 1st period - Stopped by Cory Schneider without a rebound.
15:49 of 1st period - Andy McDonald wins face-off versus Ilya Kovalchuk in Lightning zone.
15:49 of 1st period - Andy McDonald is hit by Andy Sutton.
15:53 of 1st period - Shot by Brandon Dubinsky.
15:53 of 1st period - Deflect By Andy McDonald.
15:53 of 1st period - Shot Blocked by John Erskine.
15:55 of 1st period - Shot by Andy McDonald.
15:55 of 1st period - Shot Blocked by John Erskine.
16:29 of 1st period - Shot by Ilya Kovalchuk.
16:29 of 1st period - Shot Misses the Net.
16:51 of 1st period - Shot by Martin Havlat.
16:51 of 1st period - Shot Misses the Net.
17:40 of 1st period - Icing by Paul Stastny.
17:41 of 1st period - Manny Malhotra wins face-off versus Paul Stastny in Lightning zone.
17:50 of 1st period - Shot by Andy McDonald.
17:50 of 1st period - Stopped by Cory Schneider without a rebound.
17:51 of 1st period - Tomas Plekanec wins face-off versus Manny Malhotra in Lightning zone.
18:52 of 1st period - Icing by Maxime Talbot.
18:53 of 1st period - Marcel Goc wins face-off versus Bryan Little in Lightning zone.
19:02 of 1st period - Shot by Nick Spaling.
19:02 of 1st period - Shot Blocked by Marc-Edouard Vlasic.
19:11 of 1st period - Icing by Andrej Meszaros.
19:12 of 1st period - Marcel Goc wins face-off versus Andy McDonald in Lightning zone.
19:24 of 1st period - Andrej Meszaros is hit by Brandon Dubinsky and loses puck.

Period #2

0:01 of 2nd period - Tomas Plekanec wins face-off versus Jonathan Toews in neutral zone.
0:14 of 2nd period - Jonathan Toews is hit by Brent Seabrook and loses puck.
1:47 of 2nd period - Andy McDonald is hit by Andy Sutton.
2:57 of 2nd period - Shot by Patrick Kane.
2:57 of 2nd period - Shot Misses the Net.
3:01 of 2nd period - Shot by Patrick Sharp.
3:01 of 2nd period - Deflect By Patrick Kane.
3:01 of 2nd period - Stopped by Anders Lindback without a rebound.
3:02 of 2nd period - Paul Stastny wins face-off versus Mason Raymond in Canadiens zone.
3:17 of 2nd period - Shot by Paul Stastny.
3:17 of 2nd period - Shot Misses the Net.
4:19 of 2nd period - Shot by Brandon Dubinsky.
4:19 of 2nd period - Shot Misses the Net.
4:40 of 2nd period - Icing by Barret Jackman.
4:41 of 2nd period - Bryan Little wins face-off versus R.J. Umberger in Lightning zone.
4:48 of 2nd period - Shot by Mason Raymond.
4:48 of 2nd period - Stopped by Cory Schneider with a rebound.
5:21 of 2nd period - Icing by Andy Sutton.
5:22 of 2nd period - R.J. Umberger wins face-off versus Manny Malhotra in Lightning zone.
5:40 of 2nd period - Scott Hartnell is hit by Ville Leino.
6:47 of 2nd period - Icing by Marc-Edouard Vlasic.
6:48 of 2nd period - Tomas Plekanec wins face-off versus Jonathan Toews in Canadiens zone.
6:53 of 2nd period - Shot by Patrick Sharp.
6:53 of 2nd period - Stopped by Anders Lindback with a rebound.
6:55 of 2nd period - Shot by Patrick Sharp.
6:55 of 2nd period - Shot Misses the Net.
6:57 of 2nd period - Shot by Patrick Kane.
6:57 of 2nd period - Stopped by Anders Lindback without a rebound.
6:58 of 2nd period - Andy McDonald wins face-off versus Paul Stastny in Canadiens zone.
6:58 of 2nd period - Andy McDonald is hit by Paul Stastny.
7:20 of 2nd period - Icing by Andy McDonald.
7:21 of 2nd period - Andy McDonald wins face-off versus Tomas Plekanec in Canadiens zone.
7:21 of 2nd period - Brandon Dubinsky is hit by Tomas Plekanec and loses puck.
7:44 of 2nd period - Shot by Patrick Kane.
7:44 of 2nd period - Deflect By Patrick Sharp.
7:44 of 2nd period - Stopped by Anders Lindback with a rebound.
7:48 of 2nd period - Shot by Patrick Kane.
7:48 of 2nd period - Stopped by Anders Lindback with a rebound.
7:50 of 2nd period - Shot by Patrick Sharp.
7:50 of 2nd period - Stopped by Anders Lindback without a rebound.
7:51 of 2nd period - Paul Stastny wins face-off versus Manny Malhotra in Canadiens zone.
7:53 of 2nd period - Ilya Kovalchuk is hit by Nick Schultz.
7:57 of 2nd period - Shot by Ilya Kovalchuk.
7:57 of 2nd period - Shot Misses the Net.
8:00 of 2nd period - Icing by Nick Schultz.
8:01 of 2nd period - Manny Malhotra wins face-off versus Marcel Goc in Canadiens zone.
8:25 of 2nd period - David Perron is hit by Andrej Meszaros.
8:42 of 2nd period - Minor Penalty to Paul Stastny for Holding.
8:43 of 2nd period - Tomas Plekanec wins face-off versus Jonathan Toews in Lightning zone.
9:18 of 2nd period - Shot by Dustin Byfuglien.
9:18 of 2nd period - Stopped by Cory Schneider with a rebound.
9:20 of 2nd period - Shot by Marc-Edouard Vlasic.
9:20 of 2nd period - Stopped by Cory Schneider without a rebound.
9:21 of 2nd period - Andy McDonald wins face-off versus Tomas Plekanec in Lightning zone.
9:26 of 2nd period - Shot by Brandon Dubinsky.
9:26 of 2nd period - Stopped by Cory Schneider without a rebound.
9:27 of 2nd period - Tomas Plekanec wins face-off versus Andy McDonald in Lightning zone.
9:27 of 2nd period - Tomas Plekanec is hit by Brandon Dubinsky.
10:32 of 2nd period - R.J. Umberger is hit by Jonathan Toews and loses puck.
11:09 of 2nd period - Shot by Ilya Kovalchuk.
11:09 of 2nd period - Stopped by Anders Lindback without a rebound.
11:10 of 2nd period - Bryan Little wins face-off versus Marcel Goc in Canadiens zone.
11:16 of 2nd period - Off-side.
11:17 of 2nd period - Andy McDonald wins face-off versus Tomas Plekanec in neutral zone.
11:35 of 2nd period - Minor Penalty to Brandon Dubinsky for Interference.
11:36 of 2nd period - Manny Malhotra wins face-off versus Paul Stastny in Canadiens zone.
11:49 of 2nd period - Rob Scuderi is hit by Patrick Kane and loses puck.
12:01 of 2nd period - Icing by Ilya Kovalchuk.
12:02 of 2nd period - Jonathan Toews wins face-off versus Paul Stastny in Lightning zone.
12:03 of 2nd period - Shot by Dustin Byfuglien.
12:03 of 2nd period - Stopped by Cory Schneider without a rebound.
12:04 of 2nd period - Tomas Plekanec wins face-off versus Jonathan Toews in Lightning zone.
12:31 of 2nd period - Shot by Patrick Sharp.
12:31 of 2nd period - Stopped by Anders Lindback without a rebound.
12:32 of 2nd period - Jonathan Toews wins face-off versus Paul Stastny in Canadiens zone.
14:03 of 2nd period - Maxime Talbot is hit by Marc-Edouard Vlasic and loses puck.
14:39 of 2nd period - Icing by Barret Jackman.
14:40 of 2nd period - Manny Malhotra wins face-off versus R.J. Umberger in Lightning zone.
14:40 of 2nd period - Nick Schultz is hit by Andy Sutton and loses puck.
14:57 of 2nd period - Shot by Scott Hartnell.
14:57 of 2nd period - Deflect By R.J. Umberger.
14:57 of 2nd period - Shot Misses the Net.
14:59 of 2nd period - Shot by Scott Hartnell.
14:59 of 2nd period - Stopped by Anders Lindback without a rebound.
15:00 of 2nd period - Paul Stastny wins face-off versus Jonathan Toews in Canadiens zone.
15:19 of 2nd period - Shot by Dustin Byfuglien.
15:19 of 2nd period - Shot Misses the Net.
15:23 of 2nd period - Shot by Logan Couture.
15:23 of 2nd period - Stopped by Cory Schneider without a rebound.
15:24 of 2nd period - Brandon Dubinsky wins face-off versus Tomas Plekanec in Lightning zone.
15:55 of 2nd period - Shot by Brandon Dubinsky.
15:55 of 2nd period - Deflect By Andy McDonald.
15:55 of 2nd period - Stopped by Cory Schneider without a rebound.
15:56 of 2nd period - Marcel Goc wins face-off versus Manny Malhotra in Lightning zone.
15:58 of 2nd period - Minor Penalty to David Perron for High sticking.
15:59 of 2nd period - Jonathan Toews wins face-off versus Tomas Plekanec in Canadiens zone.
16:24 of 2nd period - Shot by Andrej Meszaros.
16:24 of 2nd period - Shot Hit the Post.
16:26 of 2nd period - Shot by Andrej Meszaros.
16:26 of 2nd period - Shot Misses the Net.
18:03 of 2nd period - Shot by Scott Hartnell.
18:03 of 2nd period - Stopped by Anders Lindback without a rebound.
18:04 of 2nd period - Manny Malhotra wins face-off versus R.J. Umberger in Canadiens zone.
18:15 of 2nd period - Shot by Ville Leino.
18:15 of 2nd period - Deflect By Manny Malhotra.
18:15 of 2nd period - Shot Blocked by John Erskine.
18:36 of 2nd period - Icing by Teddy Purcell.
18:37 of 2nd period - R.J. Umberger wins face-off versus Andy McDonald in Lightning zone.

Period #3

0:01 of 3rd period - Tomas Plekanec wins face-off versus Jonathan Toews in neutral zone.
0:33 of 3rd period - Patrick Kane is hit by Tom Poti and loses puck.
0:43 of 3rd period - Minor Penalty to Tom Poti for Tripping.
0:44 of 3rd period - Manny Malhotra wins face-off versus Paul Stastny in Canadiens zone.
0:44 of 3rd period - Manny Malhotra is hit by Patrick Kane.
2:49 of 3rd period - Bryan Little is hit by Nick Spaling.
2:56 of 3rd period - Minor Penalty to John Erskine for Holding.
2:57 of 3rd period - Andy McDonald wins face-off versus R.J. Umberger in Lightning zone.
3:48 of 3rd period - Shot by Jonathan Toews.
3:48 of 3rd period - Stopped by Cory Schneider without a rebound.
3:49 of 3rd period - Jonathan Toews wins face-off versus Maxime Talbot in Lightning zone.
4:03 of 3rd period - Icing by Brandon Dubinsky.
4:04 of 3rd period - Jonathan Toews wins face-off versus Tomas Plekanec in Canadiens zone.
5:01 of 3rd period - Paul Stastny is hit by Nick Schultz and loses puck.
5:09 of 3rd period - Nick Schultz is hit by John Erskine and loses puck.
5:14 of 3rd period - Shot by Ville Leino.
5:14 of 3rd period - Stopped by Cory Schneider without a rebound.
5:15 of 3rd period - Bryan Little wins face-off versus R.J. Umberger in Lightning zone.
5:15 of 3rd period - Bryan Little is hit by Andy Sutton.
5:26 of 3rd period - Mason Raymond is hit by Barret Jackman and loses puck.
5:52 of 3rd period - Off-side.
5:53 of 3rd period - Manny Malhotra wins face-off versus Paul Stastny in neutral zone.
6:05 of 3rd period - Shot by Paul Stastny.
6:05 of 3rd period - Stopped by Anders Lindback without a rebound.
6:06 of 3rd period - Andy McDonald wins face-off versus Tomas Plekanec in Canadiens zone.
6:06 of 3rd period - Andy McDonald is hit by Patrick Sharp.
6:24 of 3rd period - Shot by Patrick Kane.
6:24 of 3rd period - Shot Blocked by P.K. Subban.
6:28 of 3rd period - Shot by Patrick Sharp.
6:28 of 3rd period - Shot Misses the Net.
6:32 of 3rd period - Shot by Patrick Sharp.
6:32 of 3rd period - Stopped by Anders Lindback without a rebound.
6:33 of 3rd period - Manny Malhotra wins face-off versus Paul Stastny in Canadiens zone.
6:46 of 3rd period - Shot by Paul Stastny.
6:46 of 3rd period - Deflect By Ilya Kovalchuk.
6:46 of 3rd period - Stopped by Anders Lindback without a rebound.
6:47 of 3rd period - Jonathan Toews wins face-off versus Marcel Goc in Canadiens zone.
6:51 of 3rd period - Off-side.
6:52 of 3rd period - Paul Stastny wins face-off versus Bryan Little in neutral zone.
7:03 of 3rd period - Icing by Tom Poti.
7:04 of 3rd period - Tomas Plekanec wins face-off versus Dominic Moore in Canadiens zone.
7:23 of 3rd period - Shot by Tom Poti.
7:23 of 3rd period - Stopped by Cory Schneider without a rebound.
7:24 of 3rd period - Manny Malhotra wins face-off versus Paul Stastny in Lightning zone.
7:28 of 3rd period - Minor Penalty to David Perron for Tripping.
7:29 of 3rd period - Paul Stastny wins face-off versus Manny Malhotra in Canadiens zone.
7:44 of 3rd period - Shot by Patrick Kane.
7:44 of 3rd period - Stopped by Anders Lindback with a rebound.
7:46 of 3rd period - Shot by Barret Jackman.
7:46 of 3rd period - Deflect By Paul Stastny.
7:46 of 3rd period - Stopped by Anders Lindback without a rebound.
7:47 of 3rd period - Jonathan Toews wins face-off versus Tomas Plekanec in Canadiens zone.
8:00 of 3rd period - Shot by Patrick Sharp.
8:00 of 3rd period - Stopped by Anders Lindback without a rebound.
8:01 of 3rd period - Manny Malhotra wins face-off versus Paul Stastny in Canadiens zone.
8:40 of 3rd period - Shot by Brent Seabrook.
8:40 of 3rd period - Shot Blocked by Rob Scuderi.
8:52 of 3rd period - Shot by Patrick Sharp.
8:52 of 3rd period - Deflect By Tomas Plekanec.
8:52 of 3rd period - Stopped by Anders Lindback without a rebound.
8:53 of 3rd period - Jonathan Toews wins face-off versus Tomas Plekanec in Canadiens zone.
9:06 of 3rd period - Shot by Martin Havlat.
9:06 of 3rd period - Stopped by Anders Lindback without a rebound.
9:07 of 3rd period - Tomas Plekanec wins face-off versus Jonathan Toews in Canadiens zone.
9:07 of 3rd period - Tomas Plekanec is hit by Marc-Edouard Vlasic.
9:39 of 3rd period - Shot by Brandon Dubinsky.
9:39 of 3rd period - Shot Misses the Net.
9:41 of 3rd period - Shot by Andy McDonald.
9:41 of 3rd period - Stopped by Cory Schneider without a rebound.
9:42 of 3rd period - Marcel Goc wins face-off versus Manny Malhotra in Lightning zone.
10:00 of 3rd period - Shot by David Perron.
10:00 of 3rd period - Stopped by Cory Schneider with a rebound.
10:02 of 3rd period - Shot by David Perron.
10:02 of 3rd period - Shot Blocked by Andrej Meszaros.
10:04 of 3rd period - Shot by Manny Malhotra.
10:04 of 3rd period - Stopped by Cory Schneider with a rebound.
10:06 of 3rd period - Shot by David Perron.
10:06 of 3rd period - Goal by David Perron - Lightning : 1 - Canadiens : 2.
10:07 of 3rd period - R.J. Umberger wins face-off versus Bryan Little in neutral zone.
10:12 of 3rd period - Marc-Edouard Vlasic is hit by R.J. Umberger and loses puck.
10:18 of 3rd period - Off-side.
10:19 of 3rd period - Andy McDonald wins face-off versus Paul Stastny in neutral zone.
11:03 of 3rd period - Icing by Martin Havlat.
11:04 of 3rd period - Paul Stastny wins face-off versus Dustin Byfuglien in Lightning zone.
11:10 of 3rd period - Shot by Jonathan Toews.
11:10 of 3rd period - Shot Misses the Net.
11:37 of 3rd period - Icing by Paul Stastny.
11:38 of 3rd period - Manny Malhotra wins face-off versus Martin Havlat in Lightning zone.
11:58 of 3rd period - Off-side.
11:59 of 3rd period - Tomas Plekanec wins face-off versus Bryan Little in neutral zone.
12:09 of 3rd period - Icing by Marc-Edouard Vlasic.
12:10 of 3rd period - Bryan Little wins face-off versus R.J. Umberger in Canadiens zone.
12:10 of 3rd period - Bryan Little is hit by Scott Hartnell.
12:24 of 3rd period - Shot by Mason Raymond.
12:24 of 3rd period - Shot Misses the Net.
12:31 of 3rd period - Major Penalty to Dominic Moore for Boarding.
12:32 of 3rd period - Patrick Sharp wins face-off versus Manny Malhotra in Canadiens zone.
12:41 of 3rd period - Shot by Patrick Sharp.
12:41 of 3rd period - Shot Blocked by Rob Scuderi.
12:43 of 3rd period - Shot by Patrick Sharp.
12:43 of 3rd period - Shot Misses the Net.
12:47 of 3rd period - Shot by Patrick Kane.
12:47 of 3rd period - Shot Misses the Net.
13:10 of 3rd period - Shot by Patrick Sharp.
13:10 of 3rd period - Shot Misses the Net.
13:12 of 3rd period - Shot by Brent Seabrook.
13:12 of 3rd period - Shot Blocked by Rob Scuderi.
13:14 of 3rd period - Shot by Brent Seabrook.
13:14 of 3rd period - Shot Misses the Net.
13:16 of 3rd period - Shot by Brent Seabrook.
13:16 of 3rd period - Stopped by Anders Lindback with a rebound.
13:59 of 3rd period - Marc-Edouard Vlasic is hit by Tomas Plekanec and loses puck.
14:33 of 3rd period - Icing by Brent Seabrook.
14:34 of 3rd period - Scott Hartnell wins face-off versus Manny Malhotra in Lightning zone.
14:55 of 3rd period - Shot by Scott Hartnell.
14:55 of 3rd period - Stopped by Anders Lindback without a rebound.
14:56 of 3rd period - Paul Stastny wins face-off versus Manny Malhotra in Canadiens zone.
16:17 of 3rd period - Jonathan Toews is hit by Scott Hartnell.
16:29 of 3rd period - Shot by John Erskine.
16:29 of 3rd period - Deflect By Ilya Kovalchuk.
16:29 of 3rd period - Stopped by Anders Lindback without a rebound.
16:30 of 3rd period - Tomas Plekanec wins face-off versus Jonathan Toews in Canadiens zone.
16:37 of 3rd period - Shot by Martin Havlat.
16:37 of 3rd period - Goal by Martin Havlat - Lightning : 2 - Canadiens : 2.
16:38 of 3rd period - Paul Stastny wins face-off versus Jonathan Toews in neutral zone.
16:47 of 3rd period - Shot by Patrick Sharp.
16:47 of 3rd period - Stopped by Anders Lindback without a rebound.
16:48 of 3rd period - Tomas Plekanec wins face-off versus Jonathan Toews in Canadiens zone.
17:51 of 3rd period - Icing by Marc-Edouard Vlasic.
17:52 of 3rd period - Andy McDonald wins face-off versus Paul Stastny in Canadiens zone.
18:08 of 3rd period - Off-side.
18:09 of 3rd period - Tomas Plekanec wins face-off versus Jonathan Toews in neutral zone.
18:15 of 3rd period - Shot by Martin Havlat.
18:15 of 3rd period - Deflect By Tomas Plekanec.
18:15 of 3rd period - Shot Misses the Net.
18:27 of 3rd period - Shot by Martin Havlat.
18:27 of 3rd period - Shot Misses the Net.
18:44 of 3rd period - Icing by Tom Poti.
18:45 of 3rd period - Paul Stastny wins face-off versus Jonathan Toews in Canadiens zone.
18:53 of 3rd period - Tom Poti is hit by Andrej Meszaros and loses puck.
19:04 of 3rd period - Shot by Scott Hartnell.
19:04 of 3rd period - Shot Misses the Net.
19:08 of 3rd period - Shot by Patrick Kane.
19:08 of 3rd period - Goal by Patrick Kane - Lightning : 3 - Canadiens : 2.
19:09 of 3rd period - Andy McDonald wins face-off versus Marcel Goc in neutral zone.
19:19 of 3rd period - Canadiens, Anders Lindback is pulled from the net.
19:22 of 3rd period - Logan Couture is hit by Brent Seabrook and loses puck.
19:31 of 3rd period - Shot by Logan Couture.
19:31 of 3rd period - Shot Blocked by Andrej Meszaros.
19:40 of 3rd period - Minor Penalty to Logan Couture for Holding.
19:41 of 3rd period - Anders Lindback from Canadiens was sent back in the game.
19:41 of 3rd period - Scott Hartnell wins face-off versus Manny Malhotra in Canadiens zone.
19:44 of 3rd period - Shot by Ilya Kovalchuk.
19:44 of 3rd period - Stopped by Anders Lindback without a rebound.
19:45 of 3rd period - Manny Malhotra wins face-off versus Paul Stastny in Canadiens zone.
19:45 of 3rd period - Manny Malhotra is hit by Scott Hartnell.


Output by the SimonT Hockey Simulator (STHS) for Stephane Roy -- Original Page W3C XHTML 1.0 Valid